[Event "*** SCC Grand Prix: Titled Tuesday Blitz"]
[Site "Chess.com"]
[Date "2020.06.02"]
[Round "5"]
[White "marszach123"]
[Black "AshotParvanyan"]
[Result "0-1"]
[WhiteElo "2144"]
[BlackElo "2414"]
[TimeControl "180+1"]
[EndTime "10:57:22 PDT"]
[Termination "AshotParvanyan won by checkmate"]

1. e4 e6 2. d4 d5 3. Nc3 Bb4 4. e5 Ne7 5. a3 Bxc3+ 6. bxc3 c5 7.
h4 Qc7 8. Nf3 b6 9. Bb5+ Bd7 10.
Bd3 c4 11. Be2 Ba4 12. h5 h6 13. g4 Kd7 14. Nh4 Nbc6 15. f4 g6 16. hxg6 fxg6 17.
Be3 Raf8 18. Kd2 Kc8 19. Qg1 Kb7 20. Rf1 b5 21. Qg3 a5 22. Qh3 Qd7 23. Rf2 Kc7 24.
Rhf1 b4 25. axb4 axb4 26. Ra1 bxc3+ 27. Kxc3 Ra8 28. f5 Bxc2 29. Kxc2 Rxa1 30. fxe6 Nb4+ 31. Kb2 Qa4 32. Bd1 Qa3# 0-1

[Event "*** SCC Grand Prix: Titled Tuesday Blitz"]
[Site "Chess.com"]
[Date "2020.06.02"]
[Round "5"]
[White "MarceloPlaya"]
[Black "2008king"]
[Result "0-1"]
[WhiteElo "2282"]
[BlackElo "2117"]
[TimeControl "180+1"]
[EndTime "10:57:22 PDT"]
[Termination "2008king won by resignation"]

1. e4 e5 2. Nf3 Nc6 3. d4 exd4 4. Bc4 Nf6 5. Ng5 Ne5 6. Qxd4 d6 7. Bb3 h6 8. f4 hxg5 9. fxe5 Ng4 10. O-O Nxe5 11. Nd2 Bg4 12. Nc4 f6 13. Nxe5 dxe5 14. Qf2 Qd7 15.
Be3 Bd6 16. c4 a6 17. c5 Be7 18. Rac1 c6 19. Bxg5 fxg5 20. Qf7+ Kd8 21. Rcd1 Bxd1 22. Rxd1 Qxd1+ 23. Bxd1 Bxc5+ 24. Kh1 Rf8 25. Qc4 b5 26.
Qd3+ Kc7 27. g3 Rad8 28. Qc2 Rf1+ 29. Kg2 Rf2+ 0-1

[Event "*** SCC Grand Prix: Titled Tuesday Blitz"]
[Site "Chess.com"]
[Date "2020.06.02"]
[Round "5"]
[White "gmcorrales"]
[Black "verdest"]
[Result "1-0"]
[WhiteElo "2766"]
[BlackElo "2584"]
[TimeControl "180+1"]
[EndTime "10:57:23 PDT"]
[Termination "gmcorrales won by resignation"]

1. e4 c5 2. Nf3 Nc6 3. d4 cxd4 4. Nxd4 Nf6 5. Nc3 e5 6. Ndb5 d6 7. Bg5 a6 8. Bxf6 gxf6 9. Na3 b5 10. Nd5 Bg7 11.
Bd3 Ne7 12. Nxe7 Qxe7 13. O-O O-O 14. c4 f5 15. Qf3 d5 16. cxd5 fxe4 17. Bxe4 Qd6 18.
g4 Kh8 19. Nc2 f5 20. gxf5 Bh6 21. Kh1 Bf4 22. Ne3 Bd7 23. Rg1 Rg8 24. Rxg8+ Rxg8 25. Rg1 Rc8 26. Qh5 Be8 27. Qg4 Qf8 28. f6 1-0

[Event "*** SCC Grand Prix: Titled Tuesday Blitz"]
[Site "Chess.com"]
[Date "2020.06.02"]
[Round "5"]
[White "Mizner"]
[Black "AndrewDGreen"]
[Result "0-1"]
[WhiteElo "2480"]
[BlackElo "2333"]
[TimeControl "180+1"]
[EndTime "10:57:23 PDT"]
[Termination "AndrewDGreen won by checkmate"]

1. d4 Nf6 2. c4 g6 3. g3 Bg7 4. Bg2 d6 5. Nc3 c6 6. Nf3 O-O 7. O-O Bf5 8. Ne1 Be6 9. b3 a5 10.
Nd3 Qd7 11. Nf4 Na6 12. Bb2 Rab8 13. Qd2 b5 14. cxb5 cxb5 15. d5 Bf5 16. e4 b4 17.
exf5 bxc3 18. Bxc3 Qxf5 19. Bxa5 g5 20. Ne2 Nc5 21.
Rad1 Nce4 22. Qe3 Ra8 23. b4 Rfc8 24. f3 Nxd5 25. fxe4 Qxf1+ 26. Rxf1 Nxe3 27. Rb1 Nxg2 28. Kxg2 Rc2 29. Kf3 g4+ 30. Ke3 Bh6+ 31. Nf4 e5 32. Kd3 Rac8 33. Nd5 Rd2# 0-1

[Event "*** SCC Grand Prix: Titled Tuesday Blitz"]
[Site "Chess.com"]
[Date "2020.06.02"]
[Round "5"]
[White "JSMastropiero"]
[Black "MalcolmPein"]
[Result "1-0"]
[WhiteElo "2437"]
[BlackElo "2210"]
[TimeControl "180+1"]
[EndTime "10:57:23 PDT"]
[Termination "JSMastropiero won by resignation"]

1. d4 Nf6 2. c4 g6 3. Nc3 d5 4.
e3 Bg7 5. cxd5 Nxd5 6. Nxd5 Qxd5 7. Ne2 O-O 8. Nc3 Qd6 9. Be2 c6 10. O-O Nd7 11. Ne4 Qc7 12. Qc2 e5 13. d5 f5 14.
d6 Qd8 15. Nc3 Kh8 16. Rd1 Qh4 17. b3 Nf6 18. Bb2 Be6 19. Na4 Ng4 20. Bxg4 Qxg4 21.
h3 Qg5 22. Nc5 Bd5 23. Rxd5 cxd5 24. Ne6 Qd8 25. Nxd8 Rfxd8 26. Qc7 Rac8 27. Qxb7 Rc2 28.
Qe7 Rcc8 29. Bxe5 Bxe5 30. Qxe5+ Kg8 31. Qxd5+ Kg7 32. Rd1 1-0

[Event "*** SCC Grand Prix: Titled Tuesday Blitz"]
[Site "Chess.com"]
[Date "2020.06.02"]
[Round "5"]
[White "lukas_111111"]
[Black "Dmitry_M1"]
[Result "1/2-1/2"]
[WhiteElo "2530"]
[BlackElo "2387"]
[TimeControl "180+1"]
[EndTime "10:57:24 PDT"]
[Termination "Game drawn by repetition"]

1. e4 c6 2. d4 d5 3. Nd2 dxe4 4.
Nxe4 Nf6 5. Nxf6+ exf6 6. c3 Bd6 7. Bd3 O-O 8. Qc2 h6 9. Ne2 Qc7 10. Be3 c5 11. dxc5 Bxc5 12. Bxc5 Qxc5 13. O-O Nc6 14. b4 Qb6 15. a3 Ne5 16. Bh7+ Kh8 17. Be4 Be6 18. Nd4 Bc4 19. Rfe1 Rfd8 20. Re3 Rac8 21. Rae1 Bd5 22. Nf5 Bxe4 23. Qxe4 Rd2 24. Qf4 Rcd8 25. Nxh6 gxh6 26. Qxh6+ Kg8 27. h4 Rd1 28. Rg3+ Ng6 29.
Rxg6+ fxg6 30. Qxg6+ Kf8 31. Qh6+ Kg8 32. Qg6+ Kf8 33.
Qh6+ Kg8 34. Qg6+ 1/2-1/2

[Event "*** SCC Grand Prix: Titled Tuesday Blitz"]
[Site "Chess.com"]
[Date "2020.06.02"]
[Round "5"]
[White "StockholmMissile"]
[Black "Siniauski"]
[Result "0-1"]
[WhiteElo "2435"]
[BlackElo "2507"]
[TimeControl "180+1"]
[EndTime "10:57:24 PDT"]
[Termination "Siniauski won by checkmate"]

1. d4 Nf6 2. c4 e6 3. Nf3 b6 4. a3 Bb7 5. Nc3 Be7 6. d5 O-O 7. g3 d6 8. dxe6 fxe6 9. Bg2 Nbd7 10. O-O e5 11. b4 h6 12. Nh4 Bxg2 13. Kxg2 Qe8 14. Nd5 Nxd5 15. Qxd5+ Kh8 16. Nf3 Nf6 17. Qe6 Qf7 18. Qxf7 Rxf7 19. Bb2 Raf8 20. Nh4 Kh7 21.
Rad1 Ng4 22. Nf3 e4 23. Nd4 Rxf2+ 24. Rxf2 Rxf2+ 25. Kg1 Rxh2 26. b5 Bg5 27. Bc1 Bf6 28. Ne6 Rxe2 29. Nxc7 Ne5 30. Bf4 Nf3+ 31. Kf1 Rh2 32.
Rxd6 Bd4 33. g4 Rf2# 0-1

[Event "*** SCC Grand Prix: Titled Tuesday Blitz"]
[Site "Chess.com"]
[Date "2020.06.02"]
[Round "5"]
[White "Thipsay"]
[Black "AniJak"]
[Result "1/2-1/2"]
[WhiteElo "2454"]
[BlackElo "2262"]
[TimeControl "180+1"]
[EndTime "10:57:24 PDT"]
[Termination "Game drawn by repetition"]

1. e4 c6 2. d4 d5 3. exd5 cxd5 4.
c4 Nf6 5. Nc3 e6 6. Nf3 Nc6 7. c5 Be7 8. Bb5 O-O 9. O-O Bd7 10.
Bf4 Rc8 11. Bxc6 Bxc6 12. b4 Ne4 13. Rc1 b6 14. Ne5 Nxc3 15. Rxc3 Bb5 16. Re1 bxc5 17. dxc5 Bf6 18. a4 Bc4 19. Rc1 Bxe5 20. Bxe5 a6 21.
Rc3 f6 22. Bd6 Re8 23. Qb1 Qd7 24. Qc2 e5 25. Rb1 e4 26. Rd1 Qg4 27. h3 Qf5 28.
Re1 Qg6 29. Rxc4 dxc4 30. Qxc4+ Qf7 31. Qxf7+ Kxf7 32. b5 axb5 33. axb5 Red8 34. b6 Rd7 35. Rxe4 Rc6 36. Ra4 Ke6 37. Rb4 Rb7 38. Kh2 Kd5 39. Kg3 Rxc5 40. Bxc5 Kxc5 41. Rb1 Rxb6 42. Rxb6 Kxb6 43.
Kf4 Kc6 44. Kf5 Kd6 45. h4 Ke7 46. h5 Kf7 47. f4 g6+ 48. hxg6+ hxg6+ 49. Ke4 Ke6 50. g4 f5+ 51. gxf5+ gxf5+ 52. Kd4 Kd6 53. Kc4 Kc6 54.
Kd4 Kd6 55. Kc4 Kc6 56. Kd4 Kd6 1/2-1/2

[Event "*** SCC Grand Prix: Titled Tuesday Blitz"]
[Site "Chess.com"]
[Date "2020.06.02"]
[Round "5"]
[White "nikitakhoroshev"]
[Black "freshfoodcompany"]
[Result "1-0"]
[WhiteElo "2456"]
[BlackElo "2217"]
[TimeControl "180+1"]
[EndTime "10:57:24 PDT"]
[Termination "nikitakhoroshev won by resignation"]

1. d4 d5 2. c4 e6 3. Nc3 Be7 4. Nf3 Nf6 5. Bg5 h6 6. Bh4 O-O 7. e3 Nbd7 8. Rc1 c5 9. cxd5 Nxd5 10. Bxe7 Nxe7 11. Be2 b6 12. O-O Bb7 13. Qa4 Bc6 14. Qa3 Nd5 15. Rfd1 Nxc3 16. Rxc3 Qc7 17. dxc5 Nxc5 18.
b4 Ne4 19. Rcc1 Rac8 20. b5 Nc5 21. bxc6 Qxc6 22. Nd4 Qb7 23. Bf3 Qe7 24. Nc6 Qc7 25.
Qxa7 Qxa7 26. Nxa7 Rcd8 27. Nc6 Rxd1+ 28. Rxd1 Kh7 29.
Rd8 Rxd8 30. Nxd8 Kg6 31. Kf1 Kf6 32. Ke2 e5 33. Bd5 Na4 34. Bb3 Nc5 35. Bc4 Na4 36. Nxf7 b5 37. Bb3 Nc5 38. Nd6 1-0

[Event "*** SCC Grand Prix: Titled Tuesday Blitz"]
[Site "Chess.com"]
[Date "2020.06.02"]
[Round "5"]
[White "thedjoker98"]
[Black "pavelalexandru07"]
[Result "1-0"]
[WhiteElo "2452"]
[BlackElo "2127"]
[TimeControl "180+1"]
[EndTime "10:57:25 PDT"]
[Termination "thedjoker98 won on time"]

1. d4 Nf6 2. c4 c5 3. d5 e6 4. Nc3 exd5 5. cxd5 d6 6. Nf3 g6 7. Bf4 Bg7 8. Qa4+ Bd7 9. Qb3 b5 10. Bxd6 Qb6 11. Be5 c4 12. Qc2 b4 13. Nd1 Bb5 14. e4 Nbd7 15. Bd4 Qa5 16. Ne3 Rc8 17. e5 Ba4 18. b3 Nxd5 19. Nxc4 Rxc4 20. Bxc4 Bc6 21. O-O O-O 22. Rfe1 Rc8 23. e6 fxe6 24. Bxg7 Kxg7 25. Nd4 Bb7 26. Nxe6+ Kg8 27. Rad1 N7f6 28. Nf4 Qb6 29. Nxd5 Nxd5 30. Bxd5+ Kg7 31. Re7+ Kf6 32. Rf7+ Kg5 33. Qd2+ Kh5 34. Rxh7+ Kg4 35. Be6+ Qxe6 36. f3+ Kf5 37. g4+ Ke5 38. Qe3+ Kf6 39. Qf4+ 1-0

[Event "*** SCC Grand Prix: Titled Tuesday Blitz"]
[Site "Chess.com"]
[Date "2020.06.02"]
[Round "5"]
[White "ViktoriyaTarasova"]
[Black "Oligan22"]
[Result "0-1"]
[WhiteElo "2266"]
[BlackElo "2429"]
[TimeControl "180+1"]
[EndTime "10:57:25 PDT"]
[Termination "Oligan22 won by resignation"]

1. d4 d5 2. c4 dxc4 3. e4 b5 4. a4 c6 5. b3 e5 6. axb5 cxb5 7. bxc4 Bb4+ 8. Bd2 Qxd4 9. Ra2 Qxe4+ 10. Be2 Nc6 11. Bxb4 Nxb4 12. Rd2 Bf5 13. Nc3 Nc2+ 14. Kf1 Qf4 15. Nf3 Nf6 16. Nxb5 O-O 17. Rxc2 Bxc2 18. Qxc2 e4 19. Nfd4 e3 20. Bf3 Rad8 21. fxe3 Qxe3 22.
Qb3 Qc1+ 23. Qd1 Qxc4+ 24. Kf2 a6 25. Be2 Qc5 0-1

[Event "*** SCC Grand Prix: Titled Tuesday Blitz"]
[Site "Chess.com"]
[Date "2020.06.02"]
[Round "5"]
[White "Sanroto99"]
[Black "Yoshikrov"]
[Result "1/2-1/2"]
[WhiteElo "2300"]
[BlackElo "2048"]
[TimeControl "180+1"]
[EndTime "10:57:25 PDT"]
[Termination "Game drawn by agreement"]

1. e4 c5 2. c4 Nc6 3. Nc3 d6 4. Nf3 e6 5. d3 g6 6. g3 Bg7 7. Bg2 Nge7 8. O-O O-O 9. Be3 Nd4 10. Qd2 Nec6 11. Bh6 Nxf3+ 12. Bxf3 Nd4 13. Bg2 Bd7 14. Bxg7 Kxg7 15. Ne2 Nxe2+ 16. Qxe2 Bc6 17. Qe3 Qf6 18. b3 Qd4 19. Qxd4+ cxd4 20. f4 e5 21. f5 f6 22. g4 g5 23. Kf2 Rfc8 24. Bf3 h6 25.
Rfc1 b6 26. b4 Bd7 27. Bd1 Rc7 28. Bb3 a5 29. a3 axb4 30. axb4 Rca7 31. Rxa7 Rxa7 32.
c5 bxc5 33. bxc5 dxc5 34. Rxc5 Be8 35. Be6 Bf7 36. Rc6 1/2-1/2

[Event "*** SCC Grand Prix: Titled Tuesday Blitz"]
[Site "Chess.com"]
[Date "2020.06.02"]
[Round "5"]
[White "ajdemipopushi"]
[Black "Ariadna_Atreides"]
[Result "1-0"]
[WhiteElo "2315"]
[BlackElo "2038"]
[TimeControl "180+1"]
[EndTime "10:57:26 PDT"]
[Termination "ajdemipopushi won on time"]

1. Nf3 d5 2. g3 Nf6 3. c4 c6 4.
Bg2 Nbd7 5. d4 e6 6. O-O Bd6 7. Qc2 Ne4 8. Nbd2 f5 9. e3 O-O 10. b3 Ndf6 11. a4 Bd7 12. Ba3 Bxa3 13. Rxa3 Nxd2 14.
Qxd2 Ne4 15. Qb2 Be8 16. Ne5 Bh5 17. b4 g5 18. b5 Qd6 19. c5 Qc7 20. f4 gxf4 21.
exf4 Rab8 22. Rb1 Bf7 23. Rb3 cxb5 24. axb5 h5 25. b6 axb6 26. Rxb6 h4 27. Bxe4 fxe4 28.
Qe2 hxg3 29. Qg4+ Kh8 30. Qh4+ Kg8 31. R1b3 gxh2+ 32. Kxh2 Be8 33. Rg3+ 1-0

[Event "*** SCC Grand Prix: Titled Tuesday Blitz"]
[Site "Chess.com"]
[Date "2020.06.02"]
[Round "5"]
[White "Alexey_Spirin"]
[Black "Shushik"]
[Result "0-1"]
[WhiteElo "2004"]
[BlackElo "2161"]
[TimeControl "180+1"]
[EndTime "10:57:26 PDT"]
[Termination "Shushik won by resignation"]

1. e4 e5 2. Nf3 Nc6 3. Bc4 Bc5 4.
O-O Nf6 5. d3 d6 6. Bb3 Bb6 7.
c3 Ne7 8. Nbd2 c6 9. Re1 h6 10. Nf1 Ng6 11. Ng3 O-O 12. h3 d5 13. exd5 Nxd5 14.
Ne4 f5 15. Ng3 Bc7 16. Qe2 Kh8 17. Bc2 Re8 18. Bd2 Bd7 19. Rad1 Nh4 20. Nh2 Nf4 21. Qf1 Nhxg2 22. f3 Nxe1 23. Rxe1 Qg5 24. Kf2 Bb6+ 25. d4 exd4 26. Bxf4 Qxf4 0-1

[Event "*** SCC Grand Prix: Titled Tuesday Blitz"]
[Site "Chess.com"]
[Date "2020.06.02"]
[Round "5"]
[White "saisree"]
[Black "Vuk2000"]
[Result "0-1"]
[WhiteElo "2354"]
[BlackElo "2634"]
[TimeControl "180+1"]
[EndTime "10:57:30 PDT"]
[Termination "Vuk2000 won by resignation"]

1. e4 e6 2. d4 d5 3. Nd2 Be7 4. Bd3 Nf6 5. e5 Nfd7 6. Ne2 c5 7.
c3 b6 8. f4 Ba6 9. Nf3 g6 10.
O-O Qc8 11. Be3 Bxd3 12. Qxd3 Qa6 13. Qd2 Nc6 14. Kh1 Rc8 15. f5 exf5 16. Bg5 Nf8 17. Bxe7 Nxe7 18. g4 Ne6 19. Nh4 fxg4 20. Nf4 cxd4 21.
Nxe6 fxe6 22. cxd4 Kd7 23. Qg5 Rhf8 24. Rf6 Qe2 25. Ng2 Nf5 26. Re1 Qf3 27. Kg1 Rc2 28. Nh4 Qf2+ 0-1

[Event "*** SCC Grand Prix: Titled Tuesday Blitz"]
[Site "Chess.com"]
[Date "2020.06.02"]
[Round "5"]
[White "Skatchkov_V"]
[Black "Orest_Vovk"]
[Result "1-0"]
[WhiteElo "2544"]
[BlackElo "2384"]
[TimeControl "180+1"]
[EndTime "10:57:32 PDT"]
[Termination "Skatchkov_V won by resignation"]

1. Nf3 Nf6 2. g3 b6 3. Bg2 Bb7 4. d4 e6 5. O-O d6 6. c4 Nbd7 7. Nc3 g6 8. Qc2 Bg7 9. e4 e5 10. d5 O-O 11. h3 a5 12. Be3 Nc5 13. b3 h6 14. a3 Kh7 15. b4 Ncd7 16. Nd2 Nh5 17.
Rae1 axb4 18. axb4 Qe7 19. Nb5 c6 20. dxc6 Bxc6 21.
Nc7 Ra7 22. Nd5 Bxd5 23. cxd5 Rfa8 24. Nc4 Ra2 25. Qb3 b5 26. Na5 Ra4 27. Rc1 Qd8 28. Rc6 Bf8 29. Rfc1 Ng7 30. Bf1 R8xa5 31. bxa5 Qxa5 32.
Qxb5 Qxb5 33. Bxb5 Rxe4 34. Rc8 Nf6 35. Rxf8 Nxd5 36. Bc6 Rxe3 37. fxe3 Nxe3 38. Rxf7 1-0

[Event "*** SCC Grand Prix: Titled Tuesday Blitz"]
[Site "Chess.com"]
[Date "2020.06.02"]
[Round "5"]
[White "tan275"]
[Black "MightyGMpretender"]
[Result "0-1"]
[WhiteElo "2198"]
[BlackElo "2589"]
[TimeControl "180+1"]
[EndTime "10:57:34 PDT"]
[Termination "MightyGMpretender won by checkmate"]

1. d4 Nf6 2. c4 e6 3. g3 c5 4.
d5 exd5 5. cxd5 d6 6. Bg2 g6 7.
Nc3 Bg7 8. Nf3 O-O 9. O-O Re8 10. Bf4 a6 11. a4 h6 12. Qc2 Bf5 13. Qb3 Qc7 14. h3 g5 15. Be3 Nbd7 16. Nd2 Ne5 17. a5 Qd7 18. Na4 Bxh3 19. Nb6 Qg4 20. Nxa8 Rxa8 21.
Qxb7 Re8 22. Qxa6 Qh5 23. f3 Nfg4 24. fxg4 Nxg4 25. Bf3 Rxe3 26. Rf2 Bd4 27. Nb3 Rxb3 28. Qc8+ Kg7 29. Qf5 Bxf2+ 30. Kh1 Bf1# 0-1

[Event "*** SCC Grand Prix: Titled Tuesday Blitz"]
[Site "Chess.com"]
[Date "2020.06.02"]
[Round "5"]
[White "Aygehovit1992"]
[Black "Vlad_Lukiianchuk"]
[Result "0-1"]
[WhiteElo "2710"]
[BlackElo "2575"]
[TimeControl "180+1"]
[EndTime "10:57:37 PDT"]
[Termination "Vlad_Lukiianchuk won by resignation"]

1. e4 e5 2. Nf3 Nc6 3. Bb5 a6 4. Ba4 Nf6 5. d3 d6 6. c4 Be7 7.
Nc3 O-O 8. h3 Bd7 9. Be3 Rb8 10.
O-O Re8 11. Rc1 Bf8 12. Nd5 h6 13. a3 Nh5 14. b4 b5 15. cxb5 axb5 16. Bb3 g6 17. Qe2 Ra8 18. Qa2 Bg7 19. Rc2 Kh7 20. Rfc1 Ra6 21. Qb2 Nf4 22. Bxf4 exf4 23. Qb1 Rxa3 24.
Nxf4 Ra1 25. Qxa1 Bxa1 26. Rxa1 Qf6 27. Ra7 Nxa7 28. Nd5 Qa1+ 29. Kh2 c6 30. Nb6 Be6 31. Bxe6 Rxe6 0-1

[Event "*** SCC Grand Prix: Titled Tuesday Blitz"]
[Site "Chess.com"]
[Date "2020.06.02"]
[Round "5"]
[White "ftorodent"]
[Black "killer311"]
[Result "0-1"]
[WhiteElo "2661"]
[BlackElo "2405"]
[TimeControl "180+1"]
[EndTime "10:57:37 PDT"]
[Termination "killer311 won by resignation"]

1. d4 d5 2. c4 c6 3. Nf3 Nf6 4. Nc3 e6 5. e3 Nbd7 6. Qc2 Bd6 7. b3 O-O 8. Be2 b6 9. O-O Bb7 10. Bb2 Rc8 11. cxd5 cxd5 12. Rac1 Ne4 13. Qb1 Ndf6 14. Bd3 Qe7 15. Nb5 a6 16. Nxd6 Qxd6 17. Rfd1 b5 18.
a3 h6 19. Ne5 Nd7 20. f3 Nef6 21. Be2 Qb6 22. Nd3 e5 23. dxe5 Qxe3+ 24. Kf1 Nh5 25.
Rxc8 Rxc8 26. Rc1 Nf4 27. Rxc8+ Bxc8 28. Nxf4 Qxf4 29. Qc2 Nb6 30. Qc5 Qd2 31. Bd4 Bf5 32.
Qxb6 Bd3 33. Bxd3 Qxd3+ 34. Kf2 Qc2+ 35. Kg3 Qxb3 36. Qxa6 Qc4 37. Qc8+ Qxc8 0-1

[Event "*** SCC Grand Prix: Titled Tuesday Blitz"]
[Site "Chess.com"]
[Date "2020.06.02"]
[Round "5"]
[White "Oglob71"]
[Black "saraswathii"]
[Result "1-0"]
[WhiteElo "2519"]
[BlackElo "2362"]
[TimeControl "180+1"]
[EndTime "10:57:37 PDT"]
[Termination "Oglob71 won by resignation"]

1. d4 Nf6 2. Nf3 d5 3. c4 c6 4. e3 Bf5 5. Nc3 e6 6. Nh4 Bg6 7. Be2 Nbd7 8. O-O Bd6 9. Qb3 Qc7 10. g3 O-O 11. Nxg6 hxg6 12. Bf3 Rfe8 13. Bg2 dxc4 14. Qxc4 e5 15. Bd2 Nb6 16. Qb3 Rad8 17. Rad1 Qe7 18.
a4 e4 19. a5 Nbd5 20. Ra1 a6 21. Nxd5 cxd5 22. Rfc1 Rc8 23. Rxc8 Rxc8 24. Rc1 Rxc1+ 25. Bxc1 Bb4 26. Qa4 Be1 27. Kf1 Qb4 28. Qd1 Bxf2 29. Kxf2 Qxa5 30. h3 Qc7 31. Qe1 Nh5 32. g4 Nf6 33.
Qc3 Qd6 34. Bd2 Nd7 35. Be1 Nb6 36. Qc5 Qxc5 37. dxc5 Na4 38. b4 a5 39. bxa5 Nxc5 40. Ke2 Nd3 41. Bc3 f5 42. Kd2 f4 43. Bf1 fxe3+ 44. Kxe3 Nc5 45. Kd4 Na4 46. Bb4 1-0

[Event "*** SCC Grand Prix: Titled Tuesday Blitz"]
[Site "Chess.com"]
[Date "2020.06.02"]
[Round "5"]
[White "Justinz"]
[Black "guillembaches"]
[Result "1-0"]
[WhiteElo "2318"]
[BlackElo "2424"]
[TimeControl "180+1"]
[EndTime "10:57:37 PDT"]
[Termination "Justinz won by checkmate"]

1. e4 c5 2. Nf3 d6 3. d4 cxd4 4. Nxd4 Nf6 5. Nc3 Nc6 6. Bg5 e6 7. Qd2 h6 8. Bxf6 gxf6 9. O-O-O a6 10. f4 Bd7 11. Be2 h5 12. Rhf1 Qb6 13. Nb3 O-O-O 14. Kb1 Be7 15. Rf3 Rdg8 16. Bf1 Kb8 17. Rh3 h4 18. Qe1 Rg4 19. g3 Qg1 20. Be2 Qxe1 21.
Rxe1 Rgg8 22. gxh4 f5 23. exf5 d5 24. fxe6 fxe6 25.
h5 Bf6 26. Rg3 Rf8 27. Bd1 Bh4 28. Nc5 Bc8 29. Nxe6 Bxe6 30. Rxe6 Rxf4 31. Rd3 d4 32. Ne2 Rf1 33. Nxd4 Nxd4 34. Rxd4 Rxh5 35. a4 Bf2 36. Rd7 Rxh2 37. Ka2 Rhh1 38. Bf3 Bc5 39. Rxb7+ Kc8 40. Re8# 1-0

[Event "*** SCC Grand Prix: Titled Tuesday Blitz"]
[Site "Chess.com"]
[Date "2020.06.02"]
[Round "5"]
[White "JozefKneht"]
[Black "Twitch_ElhamBlitz05"]
[Result "0-1"]
[WhiteElo "2507"]
[BlackElo "2680"]
[TimeControl "180+1"]
[EndTime "10:57:38 PDT"]
[Termination "Twitch_ElhamBlitz05 won by resignation"]

1. e4 c6 2. d4 d5 3. Nc3 dxe4 4. Nxe4 Nf6 5. Nxf6+ exf6 6. c3 Bd6 7. Bd3 O-O 8. Qc2 Re8+ 9. Ne2 h5 10. O-O h4 11. h3 Be6 12. Bf4 Qc7 13. Qd2 Nd7 14. Bxd6 Qxd6 15. Qf4 Qxf4 16. Nxf4 Nf8 17. Rfe1 Rac8 18.
Rad1 Bxa2 19. Ra1 Rxe1+ 20. Rxe1 Be6 21. Ra1 a6 22. b4 Rd8 23. Kf1 f5 24. Be2 g6 25. Nd3 Bc4 26. Nc5 Bxe2+ 27. Kxe2 Re8+ 28. Kf3 Re7 29. Rd1 Ne6 30. Nxe6 fxe6 31. Kf4 Kf7 32. Kg5 Rd7 33. Re1 Rd8 34. Kxh4 Kf6 35. f4 b6 36. Re5 Ra8 37. g4 a5 38. g5+ Ke7 39. Re2 a4 40.
Ra2 b5 41. Kg3 Kd6 42. h4 Kd5 43. h5 gxh5 44. Kh4 Kc4 45. Ra3 Kd3 46. g6 Kc2 47.
Ra1 Kxc3 48. Kxh5 Kxb4 49. g7 Kc3 50. Rc1+ Kxd4 51. Rxc6 Rg8 52. Kg6 a3 53. Kf7 Rxg7+ 54. Kxg7 b4 55. Kf6 a2 56. Ra6 b3 57. Kxe6 b2 58. Rxa2 b1=Q 59. Ra4+ Ke3 0-1

[Event "*** SCC Grand Prix: Titled Tuesday Blitz"]
[Site "Chess.com"]
[Date "2020.06.02"]
[Round "5"]
[White "Khamrakulov_Djurabek"]
[Black "r31415"]
[Result "1-0"]
[WhiteElo "2801"]
[BlackElo "2439"]
[TimeControl "180+1"]
[EndTime "10:57:38 PDT"]
[Termination "Khamrakulov_Djurabek won by resignation"]

1. e4 d6 2. d4 Nf6 3. Nc3 g6 4. Nf3 Bg7 5. Bc4 O-O 6. Qe2 c6 7. e5 dxe5 8. dxe5 Nd5 9. Bd2 Be6 10. O-O-O Nd7 11. h4 Qc7 12. Rde1 Bg4 13. Bxd5 cxd5 14. Nxd5 Qc5 15. Ne3 Bxf3 16. Qxf3 Nxe5 17. Qd5 Rac8 18.
Qxc5 Rxc5 19. Bc3 Rd8 20. Rd1 Rcc8 21. Kb1 Kf8 22. Rhe1 Nc6 23. Bxg7+ Kxg7 24. c3 Rxd1+ 25. Rxd1 Rd8 26. Rxd8 Nxd8 27. Kc2 Kf6 28. Kd3 Ke5 29. g3 f5 30. f4+ Kf6 31. Nd5+ Kf7 32. c4 e6 33. Nb4 Ke7 34. c5 Kd7 35. Kc4 Nc6 36.
Nxc6 Kxc6 37. b4 b5+ 38. Kd4 Kd7 39. Ke5 Ke7 40. c6 a6 41. a3 h6 42. c7 Kd7 43. c8=Q+ Kxc8 44. Kxe6 Kc7 45. Kf6 Kd6 46.
Kxg6 Kd5 47. Kxf5 1-0

[Event "*** SCC Grand Prix: Titled Tuesday Blitz"]
[Site "Chess.com"]
[Date "2020.06.02"]
[Round "5"]
[White "KerryStead"]
[Black "wanyaland"]
[Result "0-1"]
[WhiteElo "2087"]
[BlackElo "2292"]
[TimeControl "180+1"]
[EndTime "10:57:39 PDT"]
[Termination "wanyaland won by resignation"]

1. d4 Nf6 2. f3 d5 3. e4 dxe4 4. Nc3 exf3 5. Nxf3 g6 6. Bc4 Bg7 7. O-O O-O 8. Qe1 Nc6 9. Qh4 Bg4 10. Ne2 Bxf3 11.
Rxf3 Qd6 12. c3 e5 13. Bh6 exd4 14. cxd4 Bxh6 15. Rxf6 Be3+ 16. Kh1 Qd8 17. Raf1 Nxd4 18. Qg4 b5 19. Bxf7+ Kg7 20. Rxg6+ Kh8 21. Nxd4 Qxd4 22.
Qf5 hxg6 23. Qxg6 Qg7 24. Qh5+ Bh6 25. Rf3 Rad8 26. h4 Rd1+ 27. Kh2 Re1 28. Qg4 Qxg4 0-1

[Event "*** SCC Grand Prix: Titled Tuesday Blitz"]
[Site "Chess.com"]
[Date "2020.06.02"]
[Round "5"]
[White "chargemax23"]
[Black "bratkoo"]
[Result "1-0"]
[WhiteElo "2595"]
[BlackElo "2404"]
[TimeControl "180+1"]
[EndTime "10:57:40 PDT"]
[Termination "chargemax23 won by resignation"]

1. c4 e6 2. Nc3 d5 3. e3 Nf6 4.
Nf3 c5 5. cxd5 Nxd5 6. Qc2 Nc6 7.
a3 Be7 8. Bb5 O-O 9. O-O Qb6 10.
Bc4 Rd8 11. Ne4 Qc7 12. b3 Nf6 13. Bb2 Nxe4 14. Qxe4 a6 15. Rac1 b5 16. Be2 Bb7 17. Qg4 e5 18. d4 e4 19. Ne5 Nxe5 20.
dxe5 Bf8 21. e6 Bd5 22. exf7+ Qxf7 23. a4 Bxb3 24. axb5 Rd2 25. Bc3 Rxe2 26. Qxe2 Bc4 27. Qg4 Bxf1 28. Rxf1 axb5 29. Qxe4 Rd8 30. Ba5 Rc8 31. h4 b4 32. Rc1 c4 33. h5 Qxh5 34.
Qe6+ Qf7 35. Qxc8 Qe7 36. Qxc4+ Kh8 37. Bxb4 1-0

[Event "*** SCC Grand Prix: Titled Tuesday Blitz"]
[Site "Chess.com"]
[Date "2020.06.02"]
[Round "5"]
[White "frankshar"]
[Black "szachuspl"]
[Result "0-1"]
[WhiteElo "2368"]
[BlackElo "2527"]
[TimeControl "180+1"]
[EndTime "10:57:40 PDT"]
[Termination "szachuspl won by resignation"]

1. d4 Nf6 2. c4 g6 3. Nc3 Bg7 4. Nf3 O-O 5. e4 d6 6. Be2 Na6 7. O-O e5 8. dxe5 dxe5 9. Be3 c6 10. Qc2 Qe7 11. Rfd1 Re8 12. a3 Nh5 13. c5 Nc7 14. h3 Nf4 15. Bf1 Nce6 16. b4 g5 17. Rac1 h5 18. Nd5 cxd5 19. exd5 Nf8 20. d6 Qf6 21.
Nd2 Bf5 22. Qb3 g4 23. hxg4 hxg4 24. Bb5 Red8 25. Nf1 a6 26. Bc4 Be6 27. Ng3 Qg6 28. Qc3 Bxc4 29. Qxc4 N8e6 30. a4 Rac8 31. Qe4 Qxe4 32.
Nxe4 Ne2+ 33. Kf1 Nxc1 34. Rxc1 f5 35. Nc3 f4 36. Bd2 Nxc5 37. bxc5 Rxc5 38. Ne4 Rxc1+ 39.
Bxc1 Bf8 40. Ba3 Kf7 41. Ke2 b6 42. Kd3 Ke6 43. Ng5+ Kd5 44. Ne4 Bxd6 0-1

[Event "*** SCC Grand Prix: Titled Tuesday Blitz"]
[Site "Chess.com"]
[Date "2020.06.02"]
[Round "5"]
[White "rasmussvane"]
[Black "Khvicha_Supatashvili"]
[Result "1-0"]
[WhiteElo "2899"]
[BlackElo "2725"]
[TimeControl "180+1"]
[EndTime "10:57:42 PDT"]
[Termination "rasmussvane won on time"]

1. Nf3 d5 2. g3 Bg4 3. Bg2 e6 4. h3 Bh5 5. O-O Bd6 6. c4 c6 7.
d4 Nd7 8. Qb3 Rb8 9. Nc3 Ngf6 10.
Nd2 O-O 11. e4 c5 12. cxd5 cxd4 13. Nb5 Nc5 14. Qc4 exd5 15. exd5 d3 16. g4 Bg6 17.
f4 Be7 18. f5 a6 19. Nc3 b5 20. Qd4 Re8 21. fxg6 hxg6 22. b4 Rc8 23. Nf3 Nb7 24. a3 1-0